 Dungeon Crawl Stone Soup version 0.24-a0-201-gf205589 (console) character file.

Game seed: 7226107925587540151

67 bli the Magician (level 3, -2/28 HPs)
             Began as a Draconian Wizard on Mar 24, 2019.
             Slain by Terence
             ... wielding a +0 flail
              (6 damage)
             ... on level 2 of the Dungeon.
             The game lasted 00:10:10 (1763 turns).

bli the Magician (Draconian Wizard)                 Turns: 1763, Time: 00:10:10

Health: -2/28      AC:  5    Str:  9    XL:     3   Next: 98%
Magic:  0/7        EV: 12    Int: 18    God:
Gold:   107        SH:  0    Dex: 10    Spells: 5/8 levels left

rFire    . . .     SeeInvis .   a - +0 spear
rCold    . . .     Gourm    .   (no shield)
rNeg     . . .     Faith    .   (armour unavailable)
rPois    .         Spirit   .   g - +0 hat
rElec    .         Reflect  .   (no cloak)
rCorr    .         Harm     .   (no gloves)
MR       .....                  (no boots)
Stlth    +.........             (no amulet)
HPRegen  0.09/turn              d - ring of attention (curse)
MPRegen  0.10/turn              l - ring of flight

@: no status effects
A: unfitting armour, cold-blooded, AC +5
a: Evoke Flight


You were on level 2 of the Dungeon.
You were not hungry.

You visited 1 branch of the dungeon, and saw 2 of its levels.

You collected 107 gold pieces.

Inventory:

Hand Weapons
 a - a +0 spear (weapon)
 b - a +0 hunting sling of freezing
 m - a +0 mace
 o - a +0 dagger
Missiles
 n - 47 stones (quivered)
 s - a throwing net
Armour
 g - a +0 hat (worn)
Jewellery
 d - a cursed ring of attention (left hand)
 l - a ring of flight (right hand)
Scrolls
 h - a scroll of identify {unknown}
 i - 2 scrolls of noise {unknown}
 j - a scroll of immolation {unknown}
 k - a scroll of blinking {unknown}
 r - a scroll of remove curse {unknown}
Potions
 e - a potion of resistance {unknown}
 p - 2 potions of agility {unknown}
 q - a potion of cancellation {unknown}
Comestibles
 c - 5 rations
 f - 16 chunks of flesh


   Skills:
 + Level 1.0 Fighting
 + Level 2.2 Dodging
 + Level 2.1 Stealth
 + Level 3.4 Spellcasting
 * Level 2.5 Conjurations
   Level 1.0 Summonings
 + Level 1.0 Translocations


You had 5 spell levels left.
You knew the following spells:

 Your Spells              Type           Power        Failure   Level  Hunger
a - Magic Dart            Conj           ##..         5%          1    None
B - Blink                 Tloc           N/A          16%         2    ##.....

Your spell library contained the following spells:

 Spells                   Type           Power        Failure   Level  Hunger
 Call Imp                 Summ           #.......     16%         2    ##.....
 Slow                     Hex            #.......     24%         2    ##.....
 Conjure Flame            Conj/Fire      #.......     28%         3    ###....
 Mephitic Cloud           Conj/Pois/Air  #.......     32%         3    ###....


Dungeon Overview and Level Annotations

Branches:
Dungeon (2/15)

Altars:
Dithmenos

Annotations:
D:2 Terence


Innate Abilities, Weirdness & Mutations

Your plain brown scales are hard. (AC +5)
You cannot fit into any form of body armour.
You are cold-blooded and may be slowed by cold attacks.


Message History

Aiming: Magic Dart (safe; 5% risk of failure)
Press: ? - help, Shift-Dir - straight line, f/p - Terence
Aim: Terence, wielding a +0 flail and wearing a +0 scale mail (heavily wounded)
The magic dart hits Terence but does no damage.
Terence is heavily wounded.
Terence misses you.
Casting: Magic Dart (safe; 5% risk of failure)
Confirm with . or Enter, or press ? or * to list all spells.
Aiming: Magic Dart (safe; 5% risk of failure)
Press: ? - help, Shift-Dir - straight line, f/p - Terence
Aim: Terence, wielding a +0 flail and wearing a +0 scale mail (heavily wounded)
The magic dart hits Terence.
Terence is heavily wounded.
Terence completely misses you.
You hit Terence but do no damage.
Terence is heavily wounded.
You hit Terence but do no damage.
Terence is heavily wounded.
Terence hits you with a +0 flail.
You die...

####.... ... #......# ##...
#......# #.... ######
#......#####.# #.....#
#.........##.#
#.....################.##.#
###.....#.............#...#'###
.......................>......
#.......#####.....#.#.##.....
#.......#####.###...#.##.....
#####...........@@###.#.#.##.....
...........#####..........##.....
#........# #.####...####.....
###........# #.#....### #.....
..#........# #.#.##.# #.....
#.#...)....# #...##.# #...(.
#.#........# ######.#
..#........# #.# #........รท.#
... #.......##.# ## ###
#.......##.# ##8#


You could see Terence.

Vanquished Creatures
  A gnoll (D:1)
  An adder (D:2)
  A dart slug (D:1)
  3 leopard geckos
  3 giant cockroaches
  4 goblins
  6 hobgoblins
  3 kobolds (D:1)
  6 bats
  3 frilled lizards
  12 rats
43 creatures vanquished.

Notes
Turn   | Place    | Note
-------+----------+-------------------------------------------
     0 | D:1      | bli the Draconian Wizard began the quest for the Orb.
     0 | D:1      | Reached XP level 1. HP: 14/14 MP: 4/4
   510 | D:2      | Reached XP level 2. HP: 7/20 MP: 0/6
   763 | D:1      | Learned a level 2 spell: Blink
   922 | D:1      | Reached XP level 3. HP: 27/27 MP: 0/7
  1502 | D:2      | Found a shadowy altar of Dithmenos.
  1684 | D:2      | Reached skill level 1 in Fighting
  1729 | D:2      | Noticed Terence
  1763 | D:2      | Slain by Terence

Levels and vault maps discovered:
D:1:      eino_arrival_cavern_b, layout_loops_ring, item_on_display_a
D:2:      layout_basic, lemuel_round_altar, nicolae_overflow_hidden_temple,
          grunt_dithmenos_smoke, first_ration, columned_hall_lemuel,
          uniq_terence

Skill      XL: |  1  2  3 |
---------------+----------+-----
Conjurations   | 2 |  2.5
Dodging        | 2 |  2.2
Stealth        | 2 |  2.1
Fighting       | 1 |  1.0
Spellcasting   | |  3.4
Summonings     | |  1.0
Translocations | |  1.0

Action                   || total
-------------------------++-------
Melee: Unarmed           ||    44
       Dagger            ||    27
       Tailslap          ||     6
       Spear             ||    42
 Cast: Magic Dart        ||    85
 Stab: Sleeping          ||     1
  Eat: Chunk             ||     3
Armor: Skin              ||    36
Dodge: Dodged            ||    94

Table legend:
 A = Non-vault XP
 B = Vault XP
 C = Vault XP percentage of total XP
 D = Non-vault monster count
 E = Vault monster count
 F = Vault count percentage of total count
                 A         B        C        D         E       F
            +---------+---------+-------+---------+---------+-------
      Total |      96 |       0 |   0.0 |      43 |       0 |   0.0
            +---------+---------+-------+---------+---------+-------
        D:1 |      54 |       0 |   0.0 |      26 |       0 |   0.0
        D:2 |      42 |       0 |   0.0 |      17 |       0 |   0.0
            +---------+---------+-------+---------+---------+-------
